Map: Goldenaura LE

Players

hyperzealot - Winner!

  • Race: Zerg Zerg
  • League: Diamond
  • Spawn Location: 12:00

SubN

  • Race: Zerg Zerg
  • League: Diamond
  • Spawn Location: 5:00

VOD

Have the link to the VOD?

Description

Time

  • Played on: Jan. 22, 2024, 1:41 p.m.
  • Length: 6:45
Show
View Real Time Build Order
Export as new Build Order

hyperzealot Zerg - Winner!

Build Orders: Hatch First 

Get SALT Encoding   

  12  0:00  Drone  
  13  0:12  Overlord  
  13  0:17  Drone  
  14  0:30  Drone x2  
  16  0:36  Drone  
  17  0:53  Hatchery  
  16  0:57  Drone  
  17  1:11  Spawning Pool  
  17  1:17  Drone x2  
  18  1:25  Drone  
  18  1:30  Overlord  
  19  1:42  Drone  
  21  1:54  Drone  
  21  2:00  Queen  
  21  2:01  Zergling x2  
  24  2:05  Queen  
  24  2:06  Zergling x2  
  27  2:12  Drone  
  28  2:17  Drone  
  29  2:24  Drone  
  29  2:29  Overlord  
  30  2:41  Queen  
  30  2:43  Drone x3  
  35  2:49  Drone  
  36  2:57  Extractor  
  36  2:58  Drone  
  36  2:59  Drone, Extractor  
  36  3:17  Drone x3  
  36  3:18  Drone x3  
  42  3:20  Drone x2  
  44  3:34  Evolution Chamber  
  44  3:36  Evolution Chamber  
  44  3:37  Roach Warren  
  44  3:40  Drone x3  
  44  3:41  Overlord, Spine Crawler  
  41  3:51  Drone x3  
  41  3:52  Overlord x2  
  44  4:00  Lair  
  44  4:03  Drone x3  
  44  4:04  Extractor  
  46  4:17  Zerg Missile Weapons Level 1  
  46  4:24  Roach x2  
  48  4:28  Drone  
  48  4:29  Roach  
  53  4:41  Roach  
  53  4:42  Roach x3  
  61  4:53  Roach x3  
  61  4:55  Overlord x4  
  61  4:56  Overlord  
  67  5:03  Glial Reconstitution  
  67  5:19  Hatchery  
  67  5:21  Roach x3  
  68  5:22  Roach x3  
  68  5:25  Roach  
  80  5:43  Roach  
  80  5:44  Roach x4  
  90  5:54  Roach  
  90  5:55  Roach x3  
  98  6:22  Drone x2  
  98  6:23  Overlord x3  
  98  6:24  Overlord x2  
Show
View Real Time Build Order
Export as new Build Order

SubN Zerg 

Build Orders: Hatch First 

Get SALT Encoding   

  12  0:00  Drone  
  13  0:12  Overlord  
  13  0:16  Drone  
  14  0:30  Drone x2  
  16  0:50  Hatchery  
  16  0:52  Drone  
  16  0:57  Drone  
  17  0:59  Drone  
  18  1:07  Drone  
  18  1:10  Extractor  
  18  1:18  Spawning Pool  
  18  1:21  Drone  
  18  1:27  Drone  
  19  1:42  Drone  
  20  1:50  Overlord  
  20  1:59  Drone  
  21  2:05  Queen x2  
  21  2:07  Drone  
  26  2:13  Drone x2  
  28  2:16  Metabolic Boost  
  28  2:22  Drone  
  29  2:24  Drone  
  30  2:31  Drone  
  30  2:35  Zergling x2  
  32  2:44  Zergling x2  
  32  2:45  Queen  
  32  2:48  Overlord  
  35  2:55  Drone  
  35  3:13  Drone  
  35  3:14  Drone x2  
  35  3:16  Hatchery  
  37  3:22  Drone x5  
  42  3:29  Roach Warren  
  42  3:32  Overlord x2  
  41  3:40  Drone  
  41  3:48  Lair  
  40  3:50  Drone x2  
  40  3:53  Extractor  
  40  3:55  Drone x2, Extractor  
  42  4:00  Drone x3  
  42  4:01  Drone x2, Evolution Chamber  
  42  4:02  Drone, Evolution Chamber  
  46  4:14  Overlord x2  
  46  4:19  Queen  
  46  4:24  Drone x2  
  50  4:30  Queen  
  52  4:32  Drone x2  
  52  4:33  Drone x5, Extractor  
  58  4:39  Overlord  
  58  4:50  Glial Reconstitution, Zerg Missile Weapons Level 1  
  58  4:55  Drone x3  
  61  5:01  Drone x8  
  61  5:05  Overlord, Extractor  
  68  5:07  Overlord  
  68  5:22  Roach x3  
  74  5:31  Drone  
  74  5:32  Drone x4  
  74  5:35  Overlord x3  
  79  5:46  Overlord x3  
  79  5:48  Overseer  
  79  5:51  Ravager  
  79  5:52  Ravager x2  
  79  5:53  Roach x3  
  79  5:55  Overseer  
  88  6:00  Overlord x3  
  88  6:01  Roach  
  88  6:02  Roach x3  
  96  6:18  Ravager x3  
  97  6:22  Ravager x2  
  97  6:24  Roach  
  97  6:25  Roach x2  
  107  6:30  Drone  
Tags
 
Add a new tag
Caveats
  • Supply blocks, unpowered buildings, or Contaminate may cause inaccurate times.
  • Supply counts are checked every 10 seconds.